 Dungeon Crawl Stone Soup version 0.29-a0-459-g97dee8cd24 (webtiles) character file.

Game seed: 869319818036794266

235 spiderkeys the Skirmisher (level 5, -1/42 HPs)
             Began as a Mummy Abyssal Knight on May 20, 2022.
             Was an Elder of Lugonu.
             Killed by divine providence
             ... invoked by an orc priest
              (12 damage)
             ... on level 4 of the Dungeon.
             The game lasted 00:04:58 (3759 turns).

spiderkeys the Skirmisher (Mummy Abyssal Knight)    Turns: 3759, Time: 00:04:59

Health: -1/42      AC: 10    Str: 18    XL:     5   Next: 76%
Magic:  7/7        EV:  6    Int: 10    God:    Lugonu [****..]
Gold:   176        SH:  4    Dex: 12    Spells: 4/4 levels left

rFire   x . .      SeeInvis .   c - +0 trident (freeze)
rCold   + . .      Faith    .   e - +0 buckler
rNeg    + + +      Spirit   .   o - +0 chain mail
rPois   ∞          Reflect  .   n - +0 helmet
rElec   .          Harm     .   (no cloak)
rCorr   .          Rampage  .   (no gloves)
Will    .....                   (no boots)
Stlth   ..........              A - amulet of the acrobat
HPRegen 0.14/turn               Z - ring of wizardry
MPRegen 0.10/turn               (no ring)

@: no status effects
A: cold resistance 1, negative energy resistance 3, torment resistance 2, heat
vulnerability 1, in touch with death 1, no potions
a: Renounce Religion, Depart the Abyss, Bend Space, Banish, Corrupt


You were on level 4 of the Dungeon.
You worshipped Lugonu.
Lugonu was greatly pleased with you.
You visited 1 branch of the dungeon, and saw 4 of its levels.
You visited the Abyss 1 time.

You collected 176 gold pieces.


Innate Abilities, Weirdness & Mutations

You are immune to poison.
Your flesh is cold resistant. (rC+)
You are immune to negative energy. (rN+++)
You are immune to unholy pain and torment.
You are vulnerable to heat. (rF-)
You are in touch with the powers of death.
You do not drink.


   Skills:
 + Level 3.9 Fighting
 + Level 2.6 Polearms
 + Level 2.6 Armour
 - Level 0.7 Dodging
 + Level 1.8 Shields
 + Level 2.7 Invocations


You had 4 spell levels left.
You didn't know any spells.
Your spell library was empty.

Inventory:

Hand Weapons
 a - a +1 spear
 c - a +0 trident of freezing (weapon)
   (You found it on level 3 of the Dungeon)
Missiles
 g - 96 stones
 r - 13 poisoned darts
Armour
 e - a +0 buckler (worn)
   (You found it on level 1 of the Dungeon)
 f - a +0 leather armour
   (You took it off an orc on level 3 of the Dungeon)
 n - a +0 helmet (worn)
   (You found it on level 2 of the Dungeon)
 o - a +0 chain mail (worn)
   (You found it on level 2 of the Dungeon)
 s - a +0 leather armour
   (You found it on level 4 of the Dungeon)
 t - a +0 ring mail
   (You took it off an orc priest on level 4 of the Dungeon)
 u - a +2 kite shield
   (You found it on level 4 of the Dungeon)
 v - a +0 robe
   (You took it off an orc wizard on level 4 of the Dungeon)
Magical Staves
 j - a staff of death {!a}
   (You found it on level 2 of the Dungeon)
Jewellery
 A - an amulet of the acrobat (around neck)
   (You found it on level 3 of the Dungeon)
 Z - a ring of wizardry (left hand)
   (You found it on level 1 of the Dungeon)
Wands
 h - a wand of flame (13)
   (You found it on level 2 of the Dungeon)
Scrolls
 b - 2 scrolls of teleportation {@r4}
 d - a scroll of poison
 i - a scroll of brand weapon
 k - a scroll of fog
 l - a scroll of enchant weapon
 m - a scroll of fear
 p - a scroll of amnesia
 q - a scroll of identify {@r1}

Dungeon Overview and Level Annotations

Branches:
Dungeon (4/15)
 Temple: D:4-7

Altars:
Qazlal

#.##...
###.#...#
##...#...#
#........##
#.........
#........
#.....oo#
##o#######
#.@.......
#).#.###.#
####..#.##
#........#
#.########
#.######.#
#.##...#.#
####
#.<......#
#...
#.##.....##
#...


You could see an orc priest and 2 orcs.


Message History

You finish taking off your +2 kite shield.
You start putting on your armour.
You continue putting on your +0 buckler. x5
You finish putting on your +0 buckler.
There is a stone staircase leading up here.
An orc wizard comes into view. It is wielding a +0 dagger.
Found a stone staircase leading down.
An orc wizard is nearby!
An orc wizard is nearby!
An orc wizard is nearby!
You reach to attack!
You hit the orc wizard but do no damage.
You closely miss the orc wizard. The orc wizard barely misses you.
You block the orc wizard's attack.
You closely miss the orc wizard. You block the orc wizard's attack.
You closely miss the orc wizard.
The orc wizard hits you but does no damage.
You hit the orc wizard but do no damage.
The orc wizard hits you but does no damage.
You hit the orc wizard. You freeze the orc wizard.
The orc wizard hits you but does no damage.
You closely miss the orc wizard.
The orc wizard gestures at you while chanting.
The puff of flame hits you! The fire burns you terribly!
You block the orc wizard's attack. 😕 HP[-10]
You take 10 damage, and now have 32/42 hp.
MASSIVE DAMAGE!! (PAUSE)
You closely miss the orc wizard. The orc wizard closely misses you.
You hit the orc wizard. You freeze the orc wizard.
You block the orc wizard's attack. 😕 HP[+1]
You hit the orc wizard but do no damage.
The orc wizard hits you but does no damage.
You hit the orc wizard but do no damage.
The orc wizard hits you but does no damage. x2
You closely miss the orc wizard.
The orc wizard hits you but does no damage.
You hit the orc wizard but do no damage.
You block the orc wizard's attack.
You closely miss the orc wizard.
The orc wizard gestures at you while chanting.
The puff of flame hits you! The fire burns you terribly! 😮 HP[-11]
You take 11 damage, and now have 22/42 hp.
MASSIVE DAMAGE!! (PAUSE)
You hit the orc wizard. You freeze the orc wizard.
You kill the orc wizard!
Lugonu accepts your kill.
v - a +0 robe
Things that are here:
a +0 dagger; an orc corpse Key pressed, stopping explore.
Key pressed, stopping explore.
Key pressed, stopping explore.
An orc comes into view. It is wielding a +0 trident.
The orc shouts!
You hear a shout!
There is a stone staircase leading down here. 😎 HP[+20]
Your hp is fully restored (42).
An orc is nearby!
An orc is nearby!
An orc is nearby!
An orc priest and 2 orcs come into view.
The orc shouts!
The orc priest shouts!
The orc shouts!
The orc closely misses you.
You puncture the orc! You freeze the orc.
You kill the orc!
Lugonu accepts your kill. The orc barely misses you.
You reach to attack!
You hit the orc priest but do no damage.
The orc hits you but does no damage.
You closely miss the orc priest. The orc hits you but does no damage.
You closely miss the orc priest. The orc barely misses you.
The orc priest hits you but does no damage.
You hit the orc priest but do no damage.
The orc hits you from afar with a +0 trident.
The orc hits you with a +0 hand axe.
The orc priest hits you but does no damage.
The orc priest barely misses you.
The orc hits you from afar with a +0 trident.
The orc hits you with a +0 hand axe. 😮 HP[-14]
You take 14 damage, and now have 28/42 hp.
MASSIVE DAMAGE!! (PAUSE)
The orc priest attacks as you move away!
The orc priest hits you with a +0 whip.
The orc priest calls down the wrath of Beogh upon you.
Beogh smites you!
* * * LOW HITPOINT WARNING * * *
There is a stone staircase leading down here. 😨 HP[-14]
You take 14 damage, and now have 14/42 hp.
MASSIVE DAMAGE!! (PAUSE)
The orc hits you with a +0 hand axe.
* * * LOW HITPOINT WARNING * * *
The orc priest calls down the wrath of Beogh upon you.
Beogh smites you!
You die...

Skill      XL: |  1  2  3 |
---------------+----------+-----
Invocations    | 2 |  2.7
Polearms       | 2 |  2.6
Armour         | 2 |  2.6
Shields        | 1 |  1.8
Fighting       | |  3.9
Dodging        | |  0.7

Action                   |  1- 3 |  4- 6 || total
-------------------------+-------+-------++-------
Melee: Spear             |   120 |       ||   120
       Trident           |    32 |   114 ||   146
Throw: Dart              |       |     4 ||     4
Invok: Bend Space        |     1 |       ||     1
  Use: Scroll            |     6 |     3 ||     9
Armor: Leather armour    |    20 |       ||    20
       Chain mail        |    58 |    75 ||   133
Dodge: Dodged            |    47 |    31 ||    78
Block: Buckler           |    22 |    23 ||    45

Levels and vault maps discovered:
D:1:      wander_arrival_chamber, layout_rooms, serial_co_window_serial,
          co_window_corner_a, co_window_paths_a, co_window_paths_b,
          co_window_paths_a, co_window_corner_a, co_window_of_opportunity_b,
          co_window_corner_b, co_window_corner_b, co_window_2corner,
          co_window_broadway_b, co_window_2corner, co_window_paths_d,
          glass_columns_c, glass_columns_c, ebering_ecumenical_altar_mist,
          glass_columns_a, dreamdust_princess_bridge, minmay_tetromino_l4
D:2:      layout_rooms
D:3:      layout_basic, mainiacjoe_overflow_boulevard, minmay_pentomino_pile
D:4:      layout_basic, minmay_temple_entry_statues_fountains

Notes
Turn   | Place    | Note
-------+----------+-------------------------------------------
     0 | Abyss:1  | spiderkeys the Mummy Abyssal Knight began the quest for the
                  | Orb.
     0 | Abyss:1  | Reached XP level 1. HP: 18/18 MP: 2/2
     0 | Abyss:1  | magus.rc [v1.11.3]
     8 | D:1      | You pass through the gate.
     8 | D:1      | Escaped the Abyss
    37 | D:1      | Found a faded altar of an unknown god.
   428 | D:1      | Reached XP level 2. HP: 18/24 MP: 3/3
  1263 | D:2      | Reached skill level 2 in Invocations
  1299 | D:2      | Gained mutation: You are in touch with the powers of death.
                  | [Mummy growth]
  1299 | D:2      | Reached XP level 3. HP: 26/29 MP: 4/4
  1344 | D:2      | Reached skill level 2 in Polearms
  1366 | D:2      | Reached *** piety under Lugonu
  1403 | D:2      | Reached skill level 2 in Armour
  2029 | D:3      | Reached skill level 1 in Shields
  2089 | D:3      | HP: 7/29 [jackal (2)]
  2093 | D:3      | Reached XP level 4. HP: 8/35 MP: 5/5
  2099 | D:3      | HP: 7/35 [kobold/+0 short sword (2)]
  2576 | D:3      | Found a stormy altar of Qazlal.
  2878 | D:4      | Reached XP level 5. HP: 30/42 MP: 6/6
  3304 | D:4      | Reached **** piety under Lugonu
  3759 | D:4      | Killed from afar by an orc priest

Vanquished Creatures
  2 orc priests (D:4)
  An orc wizard (D:4)
  4 gnolls
  4 adders
  2 dart slugs
  3 orcs
  7 ball pythons
  5 bats
  3 endoplasms
  A giant cockroach (D:2)
  9 goblins
  4 hobgoblins
  6 jackals
  7 kobolds
  6 quokkas
  4 frilled lizards (D:2)
  2 rats
70 creatures vanquished.

Table legend:
 A = Non-vault XP
 B = Vault XP
 C = Vault XP percentage of total XP
 D = Non-vault monster count
 E = Vault monster count
 F = Vault count percentage of total count
                 A         B        C        D         E       F
            +---------+---------+-------+---------+---------+-------
      Total |     324 |      12 |   3.6 |      62 |       8 |  11.4
            +---------+---------+-------+---------+---------+-------
        D:1 |      20 |       7 |  25.9 |       9 |       4 |  30.8
        D:2 |      45 |       0 |   0.0 |      20 |       0 |   0.0
        D:3 |      77 |       5 |   6.1 |      23 |       4 |  14.8
        D:4 |     182 |       0 |   0.0 |      10 |       0 |   0.0
            +---------+---------+-------+---------+---------+-------

Illustrated notes

Table legend:
 A = Kills in this place as a percentage of kills in entire the game.
 B = Kills by you in this place as a percentage of kills by you in the entire game.
 C = Kills by friends in this place as a percentage of kills by friends in the entire game.
 D = Other kills in this place as a percentage of other kills in the entire game.
 E = Experience gained in this place as a percentage of experience gained in the entire game.
 F = Experience gained in this place divided by the number of levels of this place that you have seen.
                   A       B       C       D       E      F
               +-------+-------+-------+-------+-------+----------------------
         Total | 100.0 | 100.0 |   N/A |   N/A | 100.0 |  67.2
       Dungeon | 100.0 | 100.0 |   N/A |   N/A | 100.0 |  84.0
               +-------+-------+-------+-------+-------+----------------------

Table legend: (Time is in decaauts)
 A = Elapsed time spent in this place.
 B = Non-inter-level travel time spent in this place.
 C = Inter-level travel time spent in this place.
 D = Time resting spent in this place.
 E = Time spent auto-exploring this place.
 F = Levels seen in this place.
 G = Mean time per level.
                   A        B        C        D        E       F      G
               +--------+--------+--------+--------+--------+-----+--------+
         Total |   3802 |   3726 |     76 |    488 |   2562 |   5 |  760.4 |
       Dungeon |   3794 |   3718 |     76 |    488 |   2562 |   4 |  948.5 |
         Abyss |      8 |      8 |      0 |      0 |      0 |   1 |    8.0 |
               +--------+--------+--------+--------+--------+-----+--------+

Top non-repeatable levels by time:
     D:3: 1269 daAuts
     D:1: 1184 daAuts
     D:2: 699 daAuts
     D:4: 640 daAuts
 Abyss:1: 8 daAuts
